 Dungeon Crawl Stone Soup version 0.25-a0-665-ga69d640 (webtiles) character file.

Game seed: 12351594778082732172, levelgen mode: deterministic

1194 BlueFish the Covert (level 8, -6/51 HPs)
             Began as an Octopode Assassin on Mar 26, 2020.
             Mangled by an ice beast (8 damage)
             ... on level 5 of the Dungeon.
             The game lasted 00:10:58 (5312 turns).

BlueFish the Covert (Octopode Assassin)             Turns: 5312, Time: 00:10:58

Health: -6/51      AC:  1    Str: 11    XL:     8   Next: 43%
Magic:  8/8        EV: 14    Int: 13    God:
Gold:   199        SH:  0    Dex: 15    Spells: 7/7 levels left

rFire    . . .     SeeInvis .   e - +1 dagger (freeze)
rCold    . . .     Gourm    .   (no shield)
rNeg     . . .     Faith    .   (helmet restricted)
rPois    .         Spirit   .   (no amulet)
rElec    .         Reflect  .   (no ring)
rCorr    .         Harm     .   (no ring)
MR       .....                  (no ring)
Stlth    ++++++....             (no ring)
HPRegen  0.17/turn              (no ring)
MPRegen  0.11/turn              (no ring)
                                (no ring)
                                (no ring)

@: about to teleport
A: almost no armour, stealthy swim, amphibious, 8 rings, constrict 8, camouflage
1, gelatinous body 1
a: no special abilities


You were on level 5 of the Dungeon.
You were hungry.

You visited 1 branch of the dungeon, and saw 6 of its levels.

You collected 381 gold pieces.
You spent 182 gold pieces at shops.

Inventory:

Hand Weapons
 a - a +2 dagger
 e - a +1 dagger of freezing (weapon)
Missiles
 b - 4 poisoned darts (quivered)
Scrolls
 g - 2 scrolls of amnesia
 j - 3 scrolls of teleportation
 n - a scroll of silence {unknown}
 t - a scroll of immolation
 u - a scroll of enchant armour
Potions
 f - 3 potions of might
 h - 3 potions of curing
 i - a potion of lignification
 k - a potion of stabbing
 l - 2 potions of magic
 m - a potion of flight {unknown}
 o - a potion of mutation {unknown}
 p - a potion of berserk rage {unknown}
 q - 3 potions of ambrosia
 r - 2 potions of degeneration {unknown}
 s - a potion of haste
 x - a potion of invisibility
Comestibles
 d - 18 rations


   Skills:
 + Level 2.9 Fighting
 * Level 5.0 Short Blades
 * Level 3.7 Throwing
 * Level 3.1 Dodging
 * Level 11.1 Stealth


You had 7 spell levels left.
You didn't know any spells.
Your spell library was empty.

Dungeon Overview and Level Annotations

Branches:
Dungeon (6/15)
 Temple: D:4-7

Altars:

Shops:
D:5 !   D:6 }


Innate Abilities, Weirdness & Mutations

You cannot wear most types of armour.
You are very stealthy in the water. (Stealth+)
You are amphibious.
You can wear up to eight rings at the same time.
You can use your tentacles to constrict eight enemies at once.
Your skin changes colour to match your surroundings (Stealth+).
Your rubbery body absorbs attacks. (AC +1, EV +1)


Message History

* * * LOW HITPOINT WARNING * * *
Throwing (i - inventory)
b - 6 poisoned darts (quivered)
Press: ? - help, Shift-Dir - straight line, f/p - ice beast
Aim: an ice beast (poisoned)
You throw a poisoned dart. The poisoned dart hits the ice beast!
The ice beast looks even sicker.
The ice beast barely misses you.
Throwing (i - inventory)
b - 5 poisoned darts (quivered)
Press: ? - help, Shift-Dir - straight line, f/p - ice beast
Aim: an ice beast (lightly wounded, very poisoned)
You throw a poisoned dart. The poisoned dart hits the ice beast.
The ice beast is lightly wounded.
As you read the scroll of teleportation, it crumbles to dust.
You feel strangely unstable. The ice beast hits you.
* * * LOW HITPOINT WARNING * * *
The ice beast freezes you.
* * * LOW HITPOINT WARNING * * *
The ice beast hits you.
* * * LOW HITPOINT WARNING * * *
The ice beast freezes you!
You die...

#+##......#......................
..###'#####.....[......##########
......# #............# #######
#............# # #............#
#### #..........### ...#
##.....(...# ##.# #....Y....# #.#
#....@....# ##.# #.........# ...#
########### ####


You could see an ice beast.

Vanquished Creatures
  Grinder (D:5)
  Sigmund (D:3)
  An ogre (D:5)
  A centaur (D:6)
  A bullfrog (D:6)
  3 scorpions
  A crimson imp (D:5)
  2 bullfrog zombies (D:6)
  An orc priest (D:5)
  4 worker ants
  A hound skeleton (D:6)
  A howler monkey skeleton (D:3)
  8 adders
  2 shadow imps
  An ooze (D:1)
  An adder skeleton (D:6)
  2 dart slugs
  7 leopard geckos
  8 orcs
  2 ball pythons (D:3)
  5 bats
  7 giant cockroaches
  11 hobgoblins
  3 jackals (D:2)
  4 quokkas
  12 frilled lizards
  16 goblins
  12 kobolds
  A quokka zombie (D:6)
  4 rats
124 creatures vanquished.

Notes
Turn   | Place    | Note
-------+----------+-------------------------------------------
     0 | D:1      | BlueFish the Octopode Assassin began the quest for the Orb.
     0 | D:1      | Reached XP level 1. HP: 14/14 MP: 1/1
   190 | D:1      | Reached XP level 2. HP: 10/19 MP: 2/2
   388 | D:1      | Reached skill level 6 in Stealth
   866 | D:2      | Reached XP level 3. HP: 24/24 MP: 3/3
  1171 | D:2      | Reached XP level 4. HP: 29/29 MP: 4/4
  1390 | D:3      | Noticed Sigmund
  1399 | D:3      | Killed Sigmund
  1399 | D:3      | Reached skill level 7 in Stealth
  1399 | D:3      | Reached XP level 5. HP: 32/35 MP: 5/5
  1399 | D:3      | Reached XP level 6. HP: 37/40 MP: 6/6
  1488 | D:3      | Reached skill level 8 in Stealth
  2644 | D:4      | Got a dazzling hunting sling
  3276 | D:5      | Entered Level 5 of the Dungeon
  3404 | D:5      | Reached skill level 9 in Stealth
  3404 | D:5      | Reached XP level 7. HP: 40/45 MP: 7/7
  3787 | D:5      | Noticed Grinder
  3788 | D:5      | Killed Grinder
  3788 | D:5      | Reached skill level 10 in Stealth
  4129 | D:5      | Found Heiroul's Distillery.
  4138 | D:5      | Reached XP level 8. HP: 51/51 MP: 8/8
  4142 | D:5      | Bought a potion of invisibility for 112 gold pieces
  4142 | D:5      | Bought a potion of heal wounds for 70 gold pieces
  4601 | D:6      | Found Gugoh's Gadget Boutique.
  4791 | D:6      | Reached skill level 5 in Short Blades
  4791 | D:6      | Reached skill level 11 in Stealth
  5312 | D:5      | HP: 2/51 [ice beast (2)]
  5312 | D:5      | Mangled by an ice beast

Levels and vault maps discovered:
D:1:      eino_arrival_water_cross, layout_loops_ring, minmay_pentomino_z4
D:2:      layout_rooms, grunt_ministairs_10, serial_bayou_pond_d
D:3:      minmay_bubble_buster, layout_basic, minmay_goblin_outpost,
          uniq_sigmund
D:4:      layout_loops_ring, serial_glass, glass_columns_b, glass_columns_b
D:5:      layout_basic, serial_shops, nicolae_shop_waterfront, first_ration,
          uniq_grinder
D:6:      layout_loops_ring, serial_shops, shop, nrook_loot_triangle,
          st_stairs_3, minmay_misc_feat_pillars, grunt_ministairs_10

Skill      XL: |  1  2  3  4  5  6  7  8 |
---------------+-------------------------+-----
Stealth        | 6 7 9 10 11 | 11.1
Short Blades   | 3 4 5 |  5.0
Dodging        | 2 3 |  3.1
Throwing       | 3 |  3.7
Fighting       | |  2.9

Action                   |  1- 3 |  4- 6 |  7- 9 || total
-------------------------+-------+-------+-------++-------
Melee: Dagger            |    84 |   110 |    90 ||   284
       Constrict         |    24 |    24 |    17 ||    65
       Tentacles         |    12 |    20 |    21 ||    53
Throw: Dart              |       |       |     6 ||     6
  Use: Scroll            |       |    10 |     6 ||    16
       Potion            |       |       |     1 ||     1
 Stab: Distracted        |     1 |     1 |       ||     2
       Sleeping          |     4 |    22 |     7 ||    33
  Eat: Chunk             |     1 |     6 |     6 ||    13
Armor: Skin              |     9 |     1 |     6 ||    16
Dodge: Dodged            |    45 |    39 |    56 ||   140

Table legend:
 A = Non-vault XP
 B = Vault XP
 C = Vault XP percentage of total XP
 D = Non-vault monster count
 E = Vault monster count
 F = Vault count percentage of total count
                 A         B        C        D         E       F
            +---------+---------+-------+---------+---------+-------
      Total |     934 |     772 |  45.3 |      91 |      33 |  26.6
            +---------+---------+-------+---------+---------+-------
        D:1 |      24 |       7 |  22.6 |      13 |       4 |  23.5
        D:2 |      58 |       4 |   6.5 |      25 |       2 |   7.4
        D:3 |     109 |     279 |  71.9 |      25 |      22 |  46.8
        D:4 |     124 |       0 |   0.0 |       7 |       0 |   0.0
        D:5 |     351 |     267 |  43.2 |      13 |       1 |   7.1
        D:6 |     268 |     215 |  44.5 |       8 |       4 |  33.3
            +---------+---------+-------+---------+---------+-------
